 Dungeon Crawl Stone Soup version 0.29.1-2-gbd0b4ee654 (webtiles) character file.

Game seed: 8482525767500228829

10 lokiplouj the Chopper (level 2, 0/25 (27) HPs)
             Began as a Hill Orc Monk on Nov 18, 2022.
             Slain by a goblin
             ... wielding a +0 club
              (2 damage)
             ... on level 1 of the Dungeon.
             The game lasted 00:00:58 (589 turns).

lokiplouj the Chopper (Hill Orc Monk)                Turns: 589, Time: 00:00:59

HP:   0/25 (27)     AC:  2    Str: 13    XL:     2   Next: 20%
MP:   2/2           EV: 12    Int: 10    God:
Gold: 0             SH:  0    Dex: 13    Spells: 1/1 levels left

rFire   . . .      SeeInvis .   a - +0 hand axe
rCold   . . .      Faith    .   (no shield)
rNeg    . . .      Spirit   .   b - +0 robe
rPois   .          Reflect  .   (no helmet)
rElec   .          Harm     .   (no cloak)
rCorr   .          Rampage  .   (no gloves)
Will    .....                   (no boots)
Stlth   ++........              (no amulet)
HPRegen 0.08/turn               (no ring)
MPRegen 0.08/turn               (no ring)

@: drained
A: no striking features
a: no special abilities


You were on level 1 of the Dungeon.
You visited 1 branch of the dungeon, and saw 1 of its levels.

Inventory:

Hand Weapons
 a - a +0 hand axe (weapon)
Armour
 b - a +0 robe (worn)
Potions
 c - a potion of ambrosia
 d - a potion of curing {unknown}
 e - a potion of mutation {unknown}


   Skills:
 + Level 3.8 Fighting
 + Level 4.2 Axes
 + Level 2.5 Dodging
 + Level 1.8 Stealth


You had one spell level left.
You didn't know any spells.
Your spell library was empty.

Dungeon Overview and Level Annotations

Branches:
Dungeon (1/15)

Altars:


Message History

You closely miss the goblin. You hit the frilled lizard.
The frilled lizard misses you.
There are monsters nearby!
You closely miss the frilled lizard.
The frilled lizard is severely wounded.
You hit the goblin. You closely miss the kobold.
The kobold hits you with a +0 short sword of draining.
You feel drained. The frilled lizard bites you.
The goblin hits you with a +0 club.
Sorry, you're not good enough to have a special ability.
Unknown command.
You don't know any spells.
The hobgoblin attacks as you move away! The hobgoblin closely misses you.
The kobold attacks as you move away! The kobold closely misses you.
The goblin hits you but does no damage. The goblin attacks as you move away!
The goblin hits you with a +0 club.
A goblin comes into view.
It is wielding a +0 club and quivering poisoned darts.
The hobgoblin attacks as you move away! The hobgoblin hits you.
The kobold throws a stone.
The stone hits you but does no damage.
You barely miss the hobgoblin. The hobgoblin hits you.
You hit the hobgoblin but do no damage. You closely miss the frilled lizard.
You hit the kobold but do no damage. The hobgoblin hits you.
* * * LOW HITPOINT WARNING * * *
The kobold closely misses you. The frilled lizard bites you.
* * * LOW HITPOINT WARNING * * *
The hobgoblin attacks as you move away!
The hobgoblin hits you but does no damage.
The kobold attacks as you move away! The kobold hits you but does no damage.
You feel drained.
The kobold throws a stone.
The stone hits you but does no damage.
You hit the hobgoblin.
You kill the hobgoblin!
The goblin barely misses you. The goblin attacks as you move away!
The goblin hits you with a +0 club.
* * * LOW HITPOINT WARNING * * *
The goblin attacks as you move away! The goblin misses you.
You hit the goblin.
The goblin is heavily wounded.
The goblin hits you with a +0 club.
You die...

.# ..## #######...#>
#####........g..
#...l........#
#l###†##.....# #K#
#.##.##..# #g# #....#
.# #@# ###..# # #.#
#..# #.# #..#
#########.#####..##..#
#.......#[...(.......#
#.#####..............#
#.# #########..#####
#.# #..# ###.# #..#


You could see a goblin, a kobold and a frilled lizard.

Vanquished Creatures
  A ball python (D:1)
  3 endoplasms (D:1)
  3 hobgoblins (D:1)
  A bat (D:1)
8 creatures vanquished.

Vanquished Creatures (others)
  7 plants (D:1)
7 creatures vanquished.

Grand Total: 15 creatures vanquished

Notes
Turn   | Place    | Note
-------+----------+-------------------------------------------
     0 | D:1      | lokiplouj the Hill Orc Monk began the quest for the Orb.
     0 | D:1      | Reached XP level 1. HP: 19/19 MP: 1/1
   404 | D:1      | Reached XP level 2. HP: 20/27 MP: 2/2
   589 | D:1      | Slain by a goblin

Illustrated notes

Levels and vault maps discovered:
D:1:      minmay_arrival_plants_in_alcoves, layout_loops_ring

Action                   || total
-------------------------++-------
Melee: Hand axe          ||    41
       Punch             ||     1
 Stab: Sleeping          ||     2
Armor: Robe              ||    22
Dodge: Dodged            ||    51
